 Dungeon Crawl Stone Soup version 0.21-a0-331-gfb491b4 (webtiles) character file.

142 Softman25 the Vexing (level 5, -2/44 HPs)
             Began as a Gnoll Arcane Marksman on Oct 2, 2017.
             Slain by an orc (4 damage)
             ... on level 3 of the Dungeon.
             The game lasted 00:04:58 (2312 turns).

Softman25 the Vexing (Gnoll Arcane Marksman)        Turns: 2312, Time: 00:04:59

Health: -2/44      AC:  2    Str: 12      XL:     5   Next: 24%
Magic:  9/9        EV: 20    Int: 16      God:
Gold:   112        SH:  0    Dex: 19 (21) Spells: 9/10 levels left

rFire    . . .     SeeInvis .   b - +0 club
rCold    . . .     Gourm    .   (no shield)
rNeg     . . .     Faith    .   e - +0 robe
rPois    .         Spirit   .   (no helmet)
rElec    +         Reflect  .   (no cloak)
rCorr    .         Harm     .   (no gloves)
MR       .....                  (no boots)
Stlth    +++.......             (no amulet)
HPRegen  0.54/turn              (no ring)
MPRegen  0.11/turn              (no ring)

@: agile, very slightly contaminated
A: distributed training, fangs 1, deterioration 1, regeneration 1, robust 1,
electricity resistance, strong nose
a: no special abilities


You were on level 3 of the Dungeon.
You were not hungry.

You visited 1 branch of the dungeon, and saw 3 of its levels.

You collected 112 gold pieces.

Inventory:

Hand Weapons
 a - a +0 hunting sling
 b - a +0 club (weapon)
Missiles
 d - 30 stones (quivered)
Armour
 e - a +0 robe (worn)
Jewellery
 g - an uncursed ring of protection from fire {unknown}
Wands
 p - a wand of digging (18/24)
Scrolls
 f - a scroll of identify {@r1}
 i - 3 scrolls of remove curse {unknown}
 q - a scroll of enchant weapon {unknown}
Potions
 h - a potion of heal wounds
 l - 4 potions of flight
 n - 2 potions of curing {@q1}
Books
 c - a book of Debilitation

   Spells                             Type                      Level
   a - Corona                         Hexes                        1
   b - Slow                           Hexes                        2
   c - Inner Flame                    Hexes/Fire                   3
   d - Portal Projectile              Hexes/Translocation          3
   e - Cause Fear                     Hexes                        4
   f - Leda's Liquefaction            Hexes/Earth                  4


   Skills:
 + Level 2.9 Fighting
 + Level 1.4 Short Blades
 + Level 1.4 Long Blades
 + Level 1.4 Axes
 + Level 1.4 Maces & Flails
 + Level 1.4 Polearms
 + Level 1.4 Staves
 + Level 4.7 Slings
 + Level 1.4 Bows
 + Level 1.4 Crossbows
 + Level 1.4 Throwing
 + Level 1.4 Armour
 + Level 4.7 Dodging
 + Level 1.4 Stealth
   Level 0.0 Stabbing
 + Level 1.4 Shields
   Level 0.0 Traps
 + Level 1.4 Unarmed Combat
 + Level 3.1 Spellcasting
 + Level 1.4 Conjurations
 + Level 6.6 Hexes
 + Level 1.4 Charms
 + Level 1.4 Summonings
 + Level 1.4 Necromancy
 + Level 1.4 Translocations
 + Level 1.4 Transmutations
 + Level 1.4 Fire Magic
 + Level 1.4 Ice Magic
 + Level 1.4 Air Magic
 + Level 1.4 Earth Magic
 + Level 1.4 Poison Magic
 + Level 1.4 Invocations
 + Level 1.4 Evocations


You had 9 spell levels left.
You knew the following spells:

 Your Spells              Type           Power        Failure   Level  Hunger
a - Corona                Hex            ###....      1%          1    None


Dungeon Overview and Level Annotations

Branches:
Dungeon (3/15)

Altars:
Elyvilon
Uskayaw
Xom
Zin


Innate Abilities, Weirdness & Mutations

Your experience applies equally to all skills.
You have very sharp teeth.
Your uncanny sense of smell can sniff out nearby items.
Your body sometimes deteriorates upon taking damage.
Your natural rate of healing is unusually fast.
You are robust. (+10% HP)
You are resistant to electric shocks. (rElec)


Message History

The orc misses you.
Casting: Corona
Confirm with . or Enter, or press ? or * to list all spells.
You don't know that spell.
You hit the orc priest.
The orc priest is moderately wounded.
The orc priest closely misses you. The orc completely misses you.
The orc priest barely misses you.
You closely miss the orc priest. Your punch misses the orc priest.
You bite the orc priest, but do no damage.
The orc priest is moderately wounded.
The orc completely misses you. The orc priest misses you.
You hit the orc priest.
The orc priest is heavily wounded.
The orc hits you.
* * * LOW HITPOINT WARNING * * *
Your body deteriorates!
You feel clumsy.
The orc priest looks encouraged for a moment.
The orc priest completely misses you. The orc hits you.
You die...

∆ ∆ .# ### #######
.# #.####..... .#
#o.....oo.# o.
#o####...(### o# #o#
#..o(§.# o#
#.#####o#
#....#(##.###
......o@#
#....#o((....
#.#######
##.###..#.##. #.#
#..#..# #.#....#...(
#########.#.##.#####
#...........##..
#.#########.####
#.#.# .#
..#.#.###### #


You could see 2 orc priests and 3 orcs.

Vanquished Creatures
  Robin (D:2)
  4 adders (D:2)
  2 oozes
  2 worms (D:2)
  A dart slug (D:2)
  A giant cockroach (D:1)
  15 goblins
  13 hobgoblins
  11 jackals
  2 ball pythons (D:2)
  5 bats
  3 frilled lizards (D:2)
  5 kobolds
  8 rats
73 creatures vanquished.

Notes
Turn   | Place    | Note
-------+----------+-------------------------------------------
     0 | D:1      | Softman25 the Gnoll Arcane Marksman began the quest for the Orb.
     0 | D:1      | Reached XP level 1. HP: 17/17 MP: 4/4
    78 | D:1      | Reached XP level 2. HP: 23/23 MP: 5/5
   253 | D:1      | Reached XP level 3. HP: 28/28 MP: 7/7
   767 | D:2      | Reached skill level 1 in Short Blades
   767 | D:2      | Reached skill level 1 in Long Blades
   767 | D:2      | Reached skill level 1 in Axes
   767 | D:2      | Reached skill level 1 in Maces & Flails
   767 | D:2      | Reached skill level 1 in Polearms
   767 | D:2      | Reached skill level 1 in Staves
   767 | D:2      | Reached skill level 1 in Bows
   767 | D:2      | Reached skill level 1 in Crossbows
   767 | D:2      | Reached skill level 1 in Throwing
   767 | D:2      | Reached skill level 1 in Armour
   767 | D:2      | Reached skill level 1 in Stealth
   767 | D:2      | Reached skill level 1 in Shields
   767 | D:2      | Reached skill level 1 in Unarmed Combat
   767 | D:2      | Reached skill level 1 in Conjurations
   767 | D:2      | Reached skill level 1 in Charms
   767 | D:2      | Reached skill level 1 in Summonings
   767 | D:2      | Reached skill level 1 in Necromancy
   767 | D:2      | Reached skill level 1 in Translocations
   767 | D:2      | Reached skill level 1 in Transmutations
   767 | D:2      | Reached skill level 1 in Fire Magic
   767 | D:2      | Reached skill level 1 in Ice Magic
   767 | D:2      | Reached skill level 1 in Air Magic
   767 | D:2      | Reached skill level 1 in Earth Magic
   767 | D:2      | Reached skill level 1 in Poison Magic
   767 | D:2      | Reached skill level 1 in Invocations
   767 | D:2      | Reached skill level 1 in Evocations
   800 | D:2      | Reached XP level 4. HP: 23/34 MP: 8/8
   924 | D:2      | Noticed Robin
  1364 | D:2      | Found a glowing silver altar of Zin.
  1392 | D:2      | Killed Robin
  1453 | D:2      | Learned a level 4 spell: Cause Fear
  1551 | D:2      | Found a white marble altar of Elyvilon.
  1554 | D:2      | Reached XP level 5. HP: 40/40 MP: 9/9
  1607 | D:2      | Found a hide-covered altar of Uskayaw.
  1921 | D:2      | Found a shimmering altar of Xom.
  2299 | D:3      | Gained mutation: You are robust. (+10% HP) [potion of mutation]
  2299 | D:3      | Gained mutation: Your body sometimes deteriorates upon taking damage. [potion of mutation]
  2299 | D:3      | Gained mutation: Your natural rate of healing is unusually fast. [potion of mutation]
  2299 | D:3      | Gained mutation: You are resistant to electric shocks. (rElec) [potion of mutation]
  2312 | D:3      | HP: 2/44 [orc (5)]
  2312 | D:3      | Slain by an orc

Vault maps used:
D:1:      dpeg_arrival_fog, st_stairs_11
D:2:      zin_statuary, lemuel_crystal_altar, grunt_temple_overflow_open,
          uniq_robin
D:3:      overflow_temple_1_default, first_bread

Skill      XL: |  1  2  3  4 |
---------------+-------------+-----
Short Blades   | 1 |  1.4
Long Blades    | 1 |  1.4
Axes           | 1 |  1.4
Maces & Flails | 1 |  1.4
Polearms       | 1 |  1.4
Staves         | 1 |  1.4
Bows           | 1 |  1.4
Crossbows      | 1 |  1.4
Throwing       | 1 |  1.4
Armour         | 1 |  1.4
Stealth        | 1 |  1.4
Shields        | 1 |  1.4
Unarmed Combat | 1 |  1.4
Conjurations   | 1 |  1.4
Charms         | 1 |  1.4
Summonings     | 1 |  1.4
Necromancy     | 1 |  1.4
Translocations | 1 |  1.4
Transmutations | 1 |  1.4
Fire Magic     | 1 |  1.4
Ice Magic      | 1 |  1.4
Air Magic      | 1 |  1.4
Earth Magic    | 1 |  1.4
Poison Magic   | 1 |  1.4
Invocations    | 1 |  1.4
Evocations     | 1 |  1.4
Spellcasting   | 3 |  3.1
Fighting       | |  2.9
Slings         | |  4.7
Dodging        | |  4.7
Hexes          | |  6.6

Action                   |  1- 3 |  4- 6 || total
-------------------------+-------+-------++-------
Melee: Club              |       |    40 ||    40
       Unarmed           |       |     6 ||     6
       Bite              |       |     5 ||     5
 Fire: Hunting sling     |   113 |   127 ||   240
 Cast: Corona            |       |     1 ||     1
       Cause Fear        |       |     1 ||     1
  Use: Scroll            |       |     6 ||     6
       Potion            |       |     3 ||     3
 Stab: Sleeping          |       |     1 ||     1
  Eat: Chunk             |       |     1 ||     1
       Bread ration      |       |     1 ||     1
Armor: Robe              |     5 |    15 ||    20
Dodge: Dodged            |    40 |   119 ||   159

Table legend:
 A = Spawn XP
 B = Non-spawn XP
 C = Spawn XP percentage of total XP
 D = Spawn monster count
 E = Non-spawn monster count
 F = Spawn count percentage of total count
 G = Total turns spent on level
                    A         B        C        D         E        F      G
               +---------+---------+-------+---------+---------+-------+---------
         Total |       0 |     203 |   0.0 |       0 |      73 |   0.0 |  2312
               +---------+---------+-------+---------+---------+-------+---------
           D:1 |       0 |      52 |   0.0 |       0 |      26 |   0.0 |   968
           D:2 |       0 |     150 |   0.0 |       0 |      46 |   0.0 |  1198
           D:3 |       0 |       1 |   0.0 |       0 |       1 |   0.0 |   146
               +---------+---------+-------+---------+---------+-------+---------
